 Dungeon Crawl Stone Soup version 0.17-a0-1989-gfb2cd5c (webtiles) character file.

978 Ordine the Skirmisher (level 8, 0/60 HPs)
             Began as an Octopode Fighter on Oct 7, 2015.
             Slain by an orc warrior
             ... wielding a +0 trident
              (22 damage)
             ... on level 6 of the Dungeon.
             The game lasted 00:12:31 (5116 turns).

Ordine the Skirmisher (Octopode Fighter)            Turns: 5116, Time: 00:12:31

Health: 0/60       AC:  1    Str: 16    XL:     8   Next: 17%
Magic:  8/8        EV: 10    Int: 10    God:
Gold:   331        SH: 10    Dex: 13    Spells: 0 memorised, 7 levels left

rFire  . . .     SeeInvis .     a - +1 long sword
rCold  . . .     Clarity  .     b - +1 shield
rNeg   . . .     SustAt   .     (helmet restricted)
rPois  .         Gourm    .     (no amulet)
rElec  .         Spirit   .     k - ring of stealth
rCorr  .         Warding  .     (no ring)
rMut   .         Stasis   .     (no ring)
MR     .....                    (no ring)
Stlth  +++.......               (no ring)
                                (no ring)
                                (no ring)
                                (no ring)

@: not resistant to hostile enchantments, fairly stealthy
A: almost no armour, amphibious, 8 rings, constrict 8, camouflage 1, gelatinous
body 1
a: no special abilities


You were on level 6 of the Dungeon.
You were not hungry.

You visited 1 branch of the dungeon, and saw 6 of its levels.

You collected 331 gold pieces.

Inventory:

Hand Weapons
 a - a +1 long sword (weapon)
Missiles
 f - 135 stones
 i - 40 poisoned needles
 p - a tomahawk (quivered)
Armour
 b - a +1 shield (worn)
Jewellery
 k - a ring of stealth (left tentacle)
Scrolls
 e - 5 scrolls of teleportation
 o - a scroll of remove curse
Potions
 c - a potion of might
 g - 2 potions of heal wounds
 h - 4 potions of curing
 j - a potion of cure mutation {unknown}
 l - a potion of flight {unknown}
 m - a potion of magic
 n - a potion of ambrosia {unknown}
 s - 2 potions of mutation {unknown}
Comestibles
 d - 2 bread rations
 q - 2 meat rations
 r - a chunk of flesh


   Skills:
 + Level 7.1 Fighting
 + Level 6.7 Long Blades
 - Level 3.0 Dodging
 - Level 3.0 Shields


You had 7 spell levels left.
You didn't know any spells.

Dungeon Overview and Level Annotations

Branches:
Dungeon (6/15)
 Temple: D:4-7

Altars:
Qazlal
Sif Muna
Trog
Xom


Innate Abilities, Weirdness & Mutations

You cannot wear most types of armour.
You are amphibious.
You can wear up to eight rings at the same time.
You can use your tentacles to constrict eight enemies at once.
Your skin changes colour to match your surroundings (Stealth).
Your rubbery body absorbs attacks (AC +1).


Message History

You slash the orc priest! Your grab misses the orc priest.
Your squeeze misses the orc priest.
The orc priest is almost dead.
The orc priest barely misses you.
You barely miss the orc priest. You grab the orc priest.
The orc priest is almost dead.
You constrict the orc priest.
You kill the orc priest!
The orc warrior hits you from afar with a trident!
The orc wizard points at you and mumbles some strange words.
The magic dart hits you! You block the orc warrior's attack.
You block the orc wizard's attack.
Items here: )) †† a dagger; a club; an orc corpse; an orc corpse You closely miss the orc warrior.
You grab the orc warrior. You squeeze the orc warrior!
The orc warrior is severely wounded.
You constrict the orc warrior, but do no damage.
The orc warrior hits you with a trident!!
You die...

###############.
#.......ooh(....
#..####@######
#............#
#...####..####
#.............#
##.#.####..##.#.#
#.#. #...#.#.# #
#.#####..#.#.#
#.#........#.#
#.######)###.###


You could see an orc warrior, a hound and an orc wizard.

Vanquished Creatures
  Sigmund (D:3)
  A sky beast (D:5)
  Blork the orc (D:6)
  3 crimson imps (D:5)
  A jelly (D:5)
  4 orc priests
  2 iguanas
  6 orc wizards
  A hound (D:5)
  5 adders
  A shadow imp (D:5)
  2 oozes (D:4)
  An adder zombie (D:5)
  2 worms
  22 orcs
  7 bats
  8 giant cockroaches
  7 goblins
  4 hobgoblins (D:1)
  12 jackals
  8 kobolds
  A giant gecko (D:3)
  5 giant newts
  A quokka skeleton (D:4)
  11 rats
117 creatures vanquished.

Notes
Turn   | Place    | Note
--------------------------------------------------------------
     0 | D:1      | Ordine the Octopode Fighter began the quest for the Orb.
     0 | D:1      | Reached XP level 1. HP: 16/16 MP: 1/1
   199 | D:1      | Reached XP level 2. HP: 19/21 MP: 2/2
   690 | D:2      | Reached XP level 3. HP: 18/26 MP: 3/3
   980 | D:2      | Found a faded altar to an unknown god.
  1690 | D:3      | Reached XP level 4. HP: 28/33 MP: 4/4
  1702 | D:3      | Reached skill level 4 in Fighting
  1755 | D:3      | Found a shimmering altar of Xom.
  1925 | D:3      | Reached XP level 5. HP: 12/38 MP: 5/5
  2031 | D:3      | Noticed Sigmund
  2036 | D:3      | Killed Sigmund
  2036 | D:3      | Reached skill level 5 in Fighting
  2036 | D:3      | Reached XP level 6. HP: 24/45 MP: 6/6
  2276 | D:3      | Found a deep blue altar of Sif Muna.
  2513 | D:3      | Reached skill level 5 in Long Blades
  3021 | D:4      | Reached XP level 7. HP: 23/51 MP: 7/7
  3446 | D:4      | Found a stormy altar of Qazlal.
  3618 | D:5      | Entered Level 5 of the Dungeon
  3620 | D:5      | Found a bloodstained altar of Trog.
  3673 | D:5      | Reached skill level 6 in Fighting
  4763 | D:5      | Reached XP level 8. HP: 58/58 MP: 8/8
  5076 | D:6      | Noticed Blork the orc
  5082 | D:6      | Killed Blork the orc
  5082 | D:6      | Reached skill level 7 in Fighting
  5116 | D:6      | Slain by an orc warrior

Vault maps used:
D:1:      lightli_molten_gateway
D:2:      ecumenical_altar_2
D:3:      lemuel_doored_altar, xom_teletrap_fun, first_bread, uniq_sigmund
D:4:      kennysheep_little_box, bh_walls_and_bars
D:5:      lemuel_crystal_altar, st_stairs_13
D:6:      uniq_prince_ribbit1, uniq_blork_the_orc, uniq_crazy_yiuf_cottage

Action                   |  1- 3 |  4- 6 |  7- 9 || total
-------------------------+-------+-------+-------++-------
Melee: Long sword        |    85 |    75 |    91 ||   251
Throw: Stone             |       |     6 |       ||     6
       Tomahawk          |       |       |     4 ||     4
  Use: Scroll            |     8 |     2 |     4 ||    14
       Potion            |       |     1 |     2 ||     3
 Stab: Sleeping          |    10 |     1 |     2 ||    13
       Distracted        |       |       |     1 ||     1
  Eat: Chunk             |     2 |     4 |     3 ||     9
       Bread ration      |       |       |     1 ||     1
